[Event "ICC Open 2015"]
[Site "Internet Chess Club"]
[Date "2015.05.30"]
[Round "7"]
[White "JustKid"]
[Black "JCarllsen"]
[Result "0-1"]
[ICCResult "White checkmated"]
[WhiteElo "2108"]
[BlackElo "1905"]
[Opening "King's Indian: fianchetto, classical variation, 8.e4"]
[ECO "E68"]
[NIC "KI.64"]
[Time "15:23:22"]
[TimeControl "180+0"]

1. g3 e5 2. c4 d6 3. Bg2 g6 4. Nc3 Bg7 5. Nf3 Nf6 6. O-O O-O 7. d4 Nbd7 8.
e4 exd4 9. Nxd4 Re8 10. h3 Nc5 11. Re1 Bd7 12. b4 Ne6 13. Nc2 h6 14. Bb2 Ng5
15. f4 Nxh3+ 16. Kh2 Ng4+ 17. Kxh3 Nf2+ 18. Kh2 Nxd1 19. Raxd1 Bg4 20. Rd3
h5 21. Ne3 Bd7 22. a3 h4 23. g4 a5 24. b5 Rb8 25. Red1 g5 26. f5 Be5+ 27.
Kh3 c6 28. c5 Qf6 29. cxd6 cxb5 30. Ncd5 Qxd6 31. Bxe5 Qxe5 32. f6 Qg3#
{White checkmated}
0-1

[Event "ICC Open 2015"]
[Site "Internet Chess Club"]
[Date "2015.05.30"]
[Round "7"]
[White "Schack"]
[Black "Massarioli"]
[Result "0-1"]
[ICCResult "White resigns"]
[WhiteElo "1637"]
[BlackElo "2167"]
[Opening "QGD Slav: 4.Nc3"]
[ECO "D15"]
[NIC "SL.03"]
[Time "15:24:39"]
[TimeControl "180+0"]

1. d4 d5 2. c4 c6 3. Nc3 Nf6 4. Nf3 a6 5. e3 b5 6. c5 g6 7. Bd3 Bg7 8. O-O
O-O 9. Qb3 a5 10. a4 b4 11. Ne2 Nfd7 12. Ng3 e5 13. dxe5 Nxc5 14. Qc2 Nxd3
15. Qxd3 Ba6 16. Qd1 Bxf1 17. Qxf1 Nd7 18. e6 fxe6 19. Qd3 Ne5 20. Nxe5 Bxe5
21. Ne2 Qf6 22. f4 Bxb2 23. Bxb2 Qxb2 24. Re1 c5 25. e4 c4 26. Qf3 Rad8 27.
exd5 exd5 28. Ng3 Qd4+ 29. Kh1 Qxf4 {White resigns} 0-1

[Event "ICC Open 2015"]
[Site "Internet Chess Club"]
[Date "2015.05.30"]
[Round "7"]
[White "ChessNakas"]
[Black "Machinegun"]
[Result "0-1"]
[ICCResult "White resigns"]
[WhiteElo "2131"]
[BlackElo "2487"]
[Opening "Sicilian: closed, 2...Nc6"]
[ECO "B23"]
[NIC "SI.44"]
[Time "15:22:53"]
[TimeControl "180+0"]

1. e4 c5 2. Nc3 Nc6 3. Bb5 e6 4. Bxc6 bxc6 5. f4 c4 6. d4 cxd3 7. cxd3 d5 8.
Nf3 Qb6 9. Qe2 Ba6 10. Be3 Bc5 11. Bxc5 Qxc5 12. Rc1 Nf6 13. e5 Ne4 14. d4
Bxe2 15. dxc5 Bxf3 16. gxf3 Nxc5 17. Kd2 Nd7 18. Na4 Rc8 19. Nc5 Nxc5 20.
Rxc5 Kd7 21. Rg1 g6 22. h4 Rc7 23. h5 Rb8 24. b3 Rb4 25. hxg6 hxg6 26. Ke3
Rb5 27. Rgc1 Rxc5 28. Rxc5 Rb7 29. Ra5 Kc7 30. Kd4 Kb6 31. b4 a6 32. a4 Rb8
33. Rc5 Rh8 34. b5 axb5 35. axb5 cxb5 36. Rc3 Rh4 37. Ke3 d4+ 38. Kxd4 Rxf4+
39. Ke3 g5 40. Rc8 b4 41. Rg8 Rf5 42. Ke4 Kb5 43. Rb8+ Kc4 44. Rc8+ Kb3 45.
Rc7 Ka3 46. Ra7+ Kb2 47. Rb7 b3 48. Rb6 Ka2 49. Rb4 b2 50. Ra4+ Kb3 51. Ra7
b1=Q+ {White resigns} 0-1

[Event "ICC Open 2015"]
[Site "Internet Chess Club"]
[Date "2015.05.30"]
[Round "7"]
[White "PajoPatak"]
[Black "Mastercito"]
[Result "0-1"]
[ICCResult "White resigns"]
[WhiteElo "1629"]
[BlackElo "1980"]
[Opening "Scandinavian defense"]
[ECO "B01"]
[NIC "SD.03"]
[Time "15:23:20"]
[TimeControl "180+0"]

1. e4 d5 2. exd5 Nf6 3. Nc3 Nxd5 4. Nf3 g6 5. Bc4 Nxc3 6. bxc3 Bg7 7. h3 O-O
8. O-O c5 9. d3 Bxc3 10. Bh6 Bg7 11. Bxg7 Kxg7 12. Re1 Nc6 13. Qd2 b6 14. h4
Na5 15. Bb5 Bb7 16. Ne5 Qd5 17. Nf3 h5 18. Re5 Qd8 19. Rxh5 Rh8 20. Rxh8
Qxh8 21. Qg5 f6 22. Qg3 Qh5 23. Nd2 e5 24. Bd7 Rh8 25. Ne4 Qxh4 26. Qxh4
Rxh4 27. Nd6 Bc6 28. Bc8 Rb4 29. f4 Rxf4 30. a3 Rg4 {White resigns} 0-1

[Event "ICC Open 2015"]
[Site "Internet Chess Club"]
[Date "2015.05.30"]
[Round "7"]
[White "WhiteMoon"]
[Black "Pkopsa"]
[Result "1-0"]
[ICCResult "Black checkmated"]
[WhiteElo "2074"]
[BlackElo "1592"]
[Opening "King's Indian: Smyslov system"]
[ECO "E61"]
[NIC "KI.76"]
[Time "15:23:41"]
[TimeControl "180+0"]

1. d4 Nf6 2. Nf3 d6 3. c4 g6 4. Nc3 Bg7 5. Bg5 O-O 6. Qd2 Re8 7. e4 Nbd7 8.
Bh6 Bh8 9. h4 e5 10. d5 Nc5 11. Bd3 c6 12. Bc2 cxd5 13. cxd5 b5 14. Qe2 b4
15. Nd1 Ba6 16. Qe3 Ng4 17. Qd2 Nxh6 18. Ne3 Bg7 19. h5 Rc8 20. hxg6 fxg6
21. b3 Qd7 22. Nc4 Rf8 23. Rxh6 Bxh6 24. Qxh6 Rf4 25. Ng5 Rcf8 26. f3 Bxc4
27. bxc4 a5 28. Ke2 a4 29. Rh1 b3 30. Nxh7 Kf7 31. Qxf8# {Black checkmated}
1-0

[Event "ICC Open 2015"]
[Site "Internet Chess Club"]
[Date "2015.05.30"]
[Round "7"]
[White "Jospa"]
[Black "a-man"]
[Result "0-1"]
[ICCResult "White resigns"]
[WhiteElo "1215"]
[BlackElo "1506"]
[Opening "Vienna game"]
[ECO "C28"]
[NIC "VG.02"]
[Time "15:23:46"]
[TimeControl "180+0"]

1. e4 e5 2. Bc4 Nf6 3. Nc3 Nc6 4. Qf3 Bc5 5. d3 O-O 6. Bg5 Be7 7. Nh3 h6 8.
Bxf6 Bxf6 9. O-O d6 10. Nd5 Bxh3 11. Nxf6+ Qxf6 12. Qxh3 Nd4 13. Kh1 Nxc2
14. Rac1 Nd4 15. Bb3 Nxb3 16. axb3 c6 17. Qg3 Qg5 18. Qf3 Rfe8 19. b4 Qf4
20. Qg3 Qxg3 21. fxg3 d5 22. exd5 cxd5 23. Rc5 e4 24. dxe4 dxe4 25. h4 e3
26. Rc7 e2 27. Re1 Rad8 28. Rxb7 Rd1 29. Rg1 Rxg1+ 30. Kxg1 e1=Q+ 31. Kh2
Re3 32. Rxa7 Qxg3+ {White resigns} 0-1

[Event "ICC Open 2015"]
[Site "Internet Chess Club"]
[Date "2015.05.30"]
[Round "7"]
[White "fviana"]
[Black "jefferyx"]
[Result "0-1"]
[ICCResult "White resigns"]
[WhiteElo "2317"]
[BlackElo "2831"]
[Opening "St. George (Baker) defense"]
[ECO "B00"]
[NIC "VO.17"]
[Time "15:23:05"]
[TimeControl "180+0"]

1. e4 a6 2. Nf3 b5 3. a3 Bb7 4. Nc3 e6 5. d4 Nf6 6. Bd3 d5 7. e5 Nfd7 8. O-O
c5 9. dxc5 Bxc5 10. Re1 Nc6 11. Bf4 Qb6 12. Qd2 h6 13. h4 O-O-O 14. b4 Be7
15. Rab1 g5 16. hxg5 hxg5 17. Nxg5 Bxg5 18. Bxg5 Rdg8 19. Bf4 d4 20. Ne4
Ncxe5 21. Ng3 Nf3+ 22. gxf3 Bxf3 23. Kf1 Qc6 {White resigns} 0-1

[Event "ICC Open 2015"]
[Site "Internet Chess Club"]
[Date "2015.05.30"]
[Round "7"]
[White "Aladdin"]
[Black "chesstempo2"]
[Result "1-0"]
[ICCResult "Black checkmated"]
[WhiteElo "2382"]
[BlackElo "1961"]
[Opening "Nimzovich-Larsen attack: symmetrical variation"]
[ECO "A01"]
[NIC "VO.08"]
[Time "15:23:15"]
[TimeControl "180+0"]

1. b3 b6 2. Bb2 Bb7 3. Nf3 d6 4. g3 Nd7 5. Bg2 e6 6. O-O Ne7 7. Nc3 g6 8. e4
Bg7 9. d4 h6 10. Re1 g5 11. Qd3 Ng6 12. Rad1 h5 13. Ne2 g4 14. Nd2 h4 15. c4
Qg5 16. Nf1 hxg3 17. fxg3 e5 18. d5 Nc5 19. Qe3 Qxe3+ 20. Nxe3 O-O 21. Nxg4
f5 22. exf5 Rxf5 23. Rf1 Rg5 24. Nf6+ Bxf6 25. Rxf6 Kg7 26. Rdf1 Nh8 27. Bc1
Rg6 28. Rxg6+ Nxg6 29. Be3 Nd7 30. Bg5 a5 31. Nc3 Rh8 32. Ne4 Re8 33. h4
Ngf8 34. Bh3 Nc5 35. Nf6 Ra8 36. Bf5 a4 37. b4 Na6 38. a3 Bc8 39. Nh5+ Kg8
40. Be4 Bd7 41. Nf6+ Kg7 42. h5 Be8 43. h6+ Kh8 44. Nxe8 Rxe8 45. Rf7 Nb8
46. Bf6+ Kg8 47. Rg7+ Kh8 48. Rg5# {Black checkmated} 1-0

[Event "ICC Open 2015"]
[Site "Internet Chess Club"]
[Date "2015.05.30"]
[Round "7"]
[White "JAscorpio"]
[Black "MrsPiggy"]
[Result "1-0"]
[ICCResult "Black checkmated"]
[WhiteElo "1203"]
[BlackElo "1367"]
[Opening "Queen's pawn, Mason variation"]
[ECO "D00"]
[NIC "QP.08"]
[Time "15:23:43"]
[TimeControl "180+0"]

1. d4 d5 2. Bf4 c6 3. e3 Nf6 4. h3 e6 5. Nf3 Bb4+ 6. c3 Be7 7. Bd3 O-O 8.
Nbd2 c5 9. Qc2 cxd4 10. exd4 Nc6 11. Ng5 h6 12. h4 Bd6 13. Bh7+ Kh8 14. Nh3
e5 15. dxe5 Bxe5 16. O-O-O Bxf4 17. g3 Bxd2+ 18. Rxd2 Qc7 19. Nf4 Qa5 20. a3
Nxh7 21. f3 Nf6 22. g4 Nd7 23. g5 Nde5 24. gxh6 gxh6 25. Rg2 Rg8 26. Rhg1
Rxg2 27. Rxg2 Be6 28. Nh5 Rg8 29. Nf6 Rxg2 30. Qh7# {Black checkmated} 1-0

[Event "ICC Open 2015"]
[Site "Internet Chess Club"]
[Date "2015.05.30"]
[Round "7"]
[White "Snerk"]
[Black "born2die"]
[Result "0-1"]
[ICCResult "White resigns"]
[WhiteElo "1511"]
[BlackElo "1615"]
[Opening "Queen's pawn game, Darooha variation "]
[ECO "D02"]
[NIC "QP.08"]
[Time "15:23:05"]
[TimeControl "180+0"]

1. d4 d5 2. Nf3 Nf6 3. g3 Bg4 4. Bg2 c6 5. O-O Qc8 6. Bg5 Bh3 7. Nbd2 Bxg2
8. Kxg2 Qf5 9. Bxf6 exf6 10. Re1 Be7 11. e4 Qd7 12. e5 O-O 13. h4 Qf5 14. c3
Nd7 15. Qb3 Rab8 16. Rac1 fxe5 17. Nxe5 Nxe5 18. Rxe5 Qd7 19. Rce1 Bd6 20.
R5e2 Qg4 21. Nf3 b6 22. Ne5 Bxe5 23. Rxe5 h6 24. f3 Qg6 25. Re7 a5 26. Qa4
f5 27. R1e6 Rf6 28. Qxc6 f4 29. g4 Qc2+ 30. Kh3 Qf2 31. Re8+ Kh7 {White
resigns} 0-1

[Event "ICC Open 2015"]
[Site "Internet Chess Club"]
[Date "2015.05.30"]
[Round "7"]
[White "JW"]
[Black "EREBUNI"]
[Result "0-1"]
[ICCResult "White resigns"]
[WhiteElo "2610"]
[BlackElo "3061"]
[Opening "Sicilian defense"]
[ECO "B20"]
[NIC "SI.48"]
[Time "15:24:37"]
[TimeControl "180+0"]

1. e4 c5 2. d3 e6 3. g3 d5 4. Nd2 Nc6 5. Bg2 Nf6 6. Ngf3 Be7 7. O-O Qc7 8.
Re1 b6 9. e5 Nd7 10. Qe2 Bb7 11. Nf1 O-O-O 12. a4 Rdg8 13. h4 h6 14. h5 g6
15. hxg6 Rxg6 16. Bf4 h5 17. c3 h4 18. gxh4 Bxh4 19. Nxh4 Rxh4 20. Bg3 Rh8
21. Nh2 d4 22. Rac1 Ncxe5 23. Bxb7+ Qxb7 24. Qe4 Qxe4 25. Rxe4 f5 26. Rxe5
Nxe5 27. Kf1 Rxg3 28. cxd4 Rxh2 {White resigns} 0-1

[Event "ICC Open 2015"]
[Site "Internet Chess Club"]
[Date "2015.05.30"]
[Round "7"]
[White "HaraldEskilstu"]
[Black "druskacik"]
[Result "0-1"]
[ICCResult "White checkmated"]
[WhiteElo "2023"]
[BlackElo "2452"]
[Opening "English: symmetrical, Botvinnik system"]
[ECO "B20"]
[NIC "EO.30"]
[Time "15:23:51"]
[TimeControl "180+0"]

1. e4 c5 2. c4 Nc6 3. Nc3 g6 4. g3 Bg7 5. Bg2 e6 6. Nge2 Nge7 7. d3 O-O 8.
O-O a6 9. a4 Rb8 10. Be3 Nd4 11. Rb1 a5 12. Qd2 d6 13. Bxd4 cxd4 14. Nb5 e5
15. f4 f6 16. h4 Nc6 17. Kh2 Nb4 18. b3 Qe7 19. Bh3 Bxh3 20. Kxh3 Rf7 21. f5
Qd7 22. g4 Kh8 23. Ng3 Rg8 24. Rh1 b6 25. Rbg1 Na6 26. Kg2 Nc7 27. Nxc7 Qxc7
28. Kf1 Qc5 29. Ke2 Qa3 30. Qc2 Bh6 31. Ra1 Qb4 32. Rag1 Be3 33. Rg2 Rfg7
34. fxg6 Rxg6 35. Kf3 Rxg4 36. Rhh2 Qe1 37. Rh3 Rf4# {White checkmated} 0-1

[Event "ICC Open 2015"]
[Site "Internet Chess Club"]
[Date "2015.05.30"]
[Round "7"]
[White "xionoula"]
[Black "Colombiano07"]
[Result "0-1"]
[ICCResult "White resigns"]
[WhiteElo "2133"]
[BlackElo "1891"]
[Opening "Modern defense"]
[ECO "A40"]
[NIC "QO.17"]
[Time "15:23:50"]
[TimeControl "180+0"]

1. d4 g6 2. Bf4 Bg7 3. e3 Nf6 4. Nf3 O-O 5. Be2 c5 6. c3 cxd4 7. exd4 d6 8.
O-O Bg4 9. Nbd2 Nc6 10. h3 Bxf3 11. Bxf3 Re8 12. Qa4 e5 13. dxe5 dxe5 14.
Be3 Nd5 15. Bxd5 Qxd5 16. Rad1 Rad8 17. Nf3 Qe6 18. Qb3 Qxb3 19. axb3 a6 20.
b4 f5 21. Bb6 Rxd1 22. Rxd1 Re7 23. Ne1 Kf7 24. Nc2 Ke6 25. Ne3 Rd7 26. Rxd7
Kxd7 27. Kf1 Ne7 28. Ke2 Kc6 29. Bd8 Nd5 30. Nxd5 Kxd5 31. Bg5 Kc4 32. Kd2
Kb3 33. Kc1 b6 34. Bd8 b5 35. Bb6 Bf6 36. Be3 f4 37. Bd2 g5 38. f3 h5 39.
Kb1 Bd8 40. Kc1 a5 41. bxa5 Bxa5 42. Kb1 Bb6 43. Kc1 Bc5 44. Kb1 Be3 45. Be1
h4 46. Ka1 Kc2 47. c4 bxc4 48. Ka2 Kd1 49. Bc3 Bd4 50. Ka3 Bxc3 51. bxc3 Kc2
52. Kb4 Kd3 53. Kc5 Kxc3 {White resigns} 0-1

[Event "ICC Open 2015"]
[Site "Internet Chess Club"]
[Date "2015.05.30"]
[Round "7"]
[White "Prof-chess"]
[Black "PJJVenegas"]
[Result "1-0"]
[ICCResult "Black checkmated"]
[WhiteElo "2703"]
[BlackElo "2310"]
[Opening "Sicilian: Taimanov variation"]
[ECO "B46"]
[NIC "SI.44"]
[Time "15:23:23"]
[TimeControl "180+0"]

1. e4 c5 2. Nc3 e6 3. Nf3 Nc6 4. d4 cxd4 5. Nxd4 a6 6. Be3 Bb4 7. Qf3 Nf6 8.
O-O-O Qa5 9. Nb3 Qc7 10. Bc5 Ne5 11. Bxb4 Nxf3 12. gxf3 Qf4+ 13. Kb1 b5 14.
Bd6 Qxf3 15. Be2 Qh3 16. Rhg1 Rg8 17. e5 Nd5 18. Rxd5 exd5 19. Nxd5 Bb7 20.
Nf6+ Kd8 21. Nxg8 Bd5 22. Ne7 Bg2 23. Nc5 Qxh2 24. Rd1 Ke8 25. Nf5 g6 26. e6
Qh3 27. Ng7+ Kd8 28. e7+ Kc8 29. e8=Q# {Black checkmated} 1-0

[Event "ICC Open 2015"]
[Site "Internet Chess Club"]
[Date "2015.05.30"]
[Round "7"]
[White "SvMihajlov"]
[Black "Steingrim89"]
[Result "1-0"]
[ICCResult "Black resigns"]
[WhiteElo "2306"]
[BlackElo "1586"]
[Opening "Benkö gambit accepted"]
[ECO "A58"]
[NIC "BI.45"]
[Time "15:24:22"]
[TimeControl "180+0"]

1. d4 Nf6 2. c4 c5 3. d5 b5 4. cxb5 a6 5. bxa6 Bxa6 6. Nc3 d6 7. g3 Nbd7 8.
Bg2 g6 9. Nf3 Bg7 10. Rb1 O-O 11. b3 Ng4 12. Bd2 Nge5 13. Nxe5 Nxe5 14. O-O
Qc7 15. a4 Rfb8 16. Qc2 Rb7 17. h3 Rab8 18. f4 Nd7 19. Rfd1 Nb6 20. Kh2 c4
21. b4 Ra7 22. a5 Nd7 23. Be3 Raa8 24. Bd4 Bxd4 25. Rxd4 Bb5 26. e4 Ra6 27.
Nxb5 Rxb5 28. Rxc4 Qa7 29. Qc3 f6 30. Rc7 Rb7 31. Rc8+ Kf7 32. Rb2 Rb8 33.
Rc6 Rb5 34. h4 Nb8 35. Rc8 Rb7 36. e5 dxe5 37. fxe5 Rd7 38. e6+ Kg7 39. exd7
{Black resigns}
1-0

[Event "ICC Open 2015"]
[Site "Internet Chess Club"]
[Date "2015.05.30"]
[Round "7"]
[White "wolwerine"]
[Black "Iandmyself"]
[Result "0-1"]
[ICCResult "White checkmated"]
[WhiteElo "2169"]
[BlackElo "2509"]
[Opening "Sicilian: Katalimov variation"]
[ECO "B27"]
[NIC "SI.43"]
[Time "15:23:45"]
[TimeControl "180+0"]

1. e4 c5 2. Nf3 b6 3. d4 cxd4 4. Nxd4 Bb7 5. Nc3 Nf6 6. Bd3 Nc6 7. Nxc6 Bxc6
8. O-O e6 9. Re1 Be7 10. Bg5 O-O 11. e5 Nd5 12. Bxe7 Qxe7 13. Nxd5 Bxd5 14.
Qh5 h6 15. Re3 f5 16. exf6 Qxf6 17. Rf1 Rac8 18. Rg3 Rc5 19. Rg6 Qe5 20.
Qxh6 Bc4 21. Bxc4 Rxc4 22. Rg5 Qxb2 23. Qg6 Rxc2 24. Rh5 Rfxf2 25. Qh7+ Kf7
26. Rh3 Rxf1+ 27. Kxf1 Rc1# {White checkmated} 0-1

[Event "ICC Open 2015"]
[Site "Internet Chess Club"]
[Date "2015.05.30"]
[Round "7"]
[White "MJXII"]
[Black "spanner63"]
[Result "1-0"]
[ICCResult "Black resigns"]
[WhiteElo "1555"]
[BlackElo "1636"]
[Opening "Caro-Kann: advance variation"]
[ECO "B12"]
[NIC "CK.02"]
[Time "15:22:56"]
[TimeControl "180+0"]

1. e4 c6 2. d4 d5 3. e5 c5 4. c3 Nc6 5. Nf3 Bg4 6. Be3 e6 7. Bd3 Qb6 8. Qb3
Qxb3 9. axb3 Bxf3 10. gxf3 cxd4 11. Bxd4 Nxd4 12. cxd4 Ne7 13. Bb5+ Nc6 14.
Nd2 Bb4 15. Ke2 Ke7 16. Bxc6 bxc6 17. Rhg1 g6 18. Rgc1 Kd7 19. f4 Bxd2 20.
Kxd2 Rhb8 21. Rc3 Rb4 22. Kd3 a5 23. Ra4 Ra6 24. Rxb4 axb4 25. Rc5 Ra2 26.
Kc2 Kc7 27. Kb1 Ra8 28. Rc1 Kb6 29. Kc2 Ra5 30. Kd3 Ra2 31. Kc2 h5 32. f3 c5
33. dxc5+ Kxc5 34. Kb1+ {Black resigns} 1-0

[Event "ICC Open 2015"]
[Site "Internet Chess Club"]
[Date "2015.05.30"]
[Round "7"]
[White "GeneraLisimus"]
[Black "Parsifal"]
[Result "1-0"]
[ICCResult "Black resigns"]
[WhiteElo "3196"]
[BlackElo "2423"]
[Opening "Robatsch (modern) defense"]
[ECO "B06"]
[NIC "KF.06"]
[Time "15:24:00"]
[TimeControl "180+0"]

1. e4 g6 2. d4 d6 3. Nc3 Bg7 4. h3 Nc6 5. Nf3 Nf6 6. Be2 O-O 7. O-O e5 8.
Be3 exd4 9. Nxd4 Re8 10. Bb5 Bd7 11. Nxc6 bxc6 12. Bd3 Qb8 13. Rb1 Qb7 14.
Re1 a5 15. Qf3 Be6 16. Bd4 Nd7 17. Bxg7 Kxg7 18. Qg3 Qb6 19. Kh2 Nc5 20. f4
Nxd3 21. cxd3 f5 22. e5 Qd4 23. Rbc1 Rab8 24. b3 c5 25. Ne2 Qd5 26. d4 Rbd8
27. dxc5 dxc5 28. Qe3 Qd2 29. Qxc5 Qxa2 30. Nd4 Bg8 31. e6 Kh6 32. Qe5 Rxd4
33. Qxd4 Bxe6 34. Rxc7 {Black resigns} 1-0

[Event "ICC Open 2015"]
[Site "Internet Chess Club"]
[Date "2015.05.30"]
[Round "7"]
[White "Palenque"]
[Black "putki"]
[Result "0-1"]
[ICCResult "White forfeits on time"]
[WhiteElo "1677"]
[BlackElo "1356"]
[Opening "English opening"]
[ECO "A10"]
[NIC "EO.64"]
[Time "15:23:21"]
[TimeControl "180+0"]

1. c4 d5 2. cxd5 Qxd5 3. Nc3 Qd8 4. g3 Nc6 5. Bg2 g6 6. d4 Bg7 7. e3 e6 8.
Nge2 Nge7 9. O-O O-O 10. a3 b6 11. Qc2 Bb7 12. Bd2 Rc8 13. b4 Nb8 14. Rac1
Bxg2 15. Kxg2 Nd5 16. Nxd5 Qxd5+ 17. e4 Qb5 18. Be3 Nd7 19. Rfd1 Rfd8 20.
Nc3 Qa6 21. Qb3 Qb7 22. d5 Nf6 23. dxe6 fxe6 24. Qxe6+ Kh8 25. f3 Re8 26.
Qc4 c5 27. bxc5 bxc5 28. Rc2 Qe7 29. Nd5 Nxd5 30. Qxd5 Red8 31. Qxc5 Rxc5
32. Rxd8+ Qxd8 33. Rxc5 Bf8 34. Rd5 Qc7 35. Bd4+ Kg8 36. Kh3 Bg7 37. Bc5
Qc8+ 38. g4 a5 39. Bb6 Bf6 40. Bxa5 Kf7 41. Rb5 h5 {White forfeits on time}
0-1

[Event "ICC Open 2015"]
[Site "Internet Chess Club"]
[Date "2015.05.30"]
[Round "7"]
[White "Vanych"]
[Black "UAE2002"]
[Result "1-0"]
[ICCResult "Black checkmated"]
[WhiteElo "2579"]
[BlackElo "2153"]
[Opening "Nimzovich-Larsen attack: English variation"]
[ECO "A01"]
[NIC "VO.08"]
[Time "15:24:08"]
[TimeControl "180+0"]

1. b3 c5 2. Bb2 d5 3. e3 Nc6 4. f4 Nf6 5. Nf3 g6 6. Bb5 Bg7 7. O-O O-O 8.
Bxc6 bxc6 9. Ne5 Qc7 10. d3 e6 11. Nd2 Rd8 12. Ndf3 Nd7 13. Qe1 f6 14. Ng4
Re8 15. Qh4 Rf8 16. e4 h5 17. Ne3 d4 18. Nc4 Nb6 19. e5 Nxc4 20. dxc4 fxe5
21. fxe5 Bxe5 22. Nxe5 Rxf1+ 23. Rxf1 Qxe5 24. Qd8+ Kh7 25. Rf7+ Kh6 26.
Bc1+ g5 27. Bxg5+ Qxg5 28. Qh8+ Kg6 29. Qh7# {Black checkmated} 1-0

[Event "ICC Open 2015"]
[Site "Internet Chess Club"]
[Date "2015.05.30"]
[Round "7"]
[White "Lzmann"]
[Black "Berke"]
[Result "1-0"]
[ICCResult "Black resigns"]
[WhiteElo "1791"]
[BlackElo "1495"]
[Opening "Benkö gambit"]
[ECO "A57"]
[NIC "BI.46"]
[Time "15:23:37"]
[TimeControl "180+0"]

1. d4 Nf6 2. c4 c5 3. d5 b5 4. Nf3 bxc4 5. Nc3 g6 6. e4 d6 7. Bxc4 Nbd7 8.
O-O Bg7 9. h3 O-O 10. Bf4 Nb6 11. Qd3 Nxc4 12. Qxc4 a5 13. Rfe1 Ba6 14. Qb3
Qd7 15. e5 Rfb8 16. Qc2 dxe5 17. Nxe5 Qe8 18. Nc6 Rc8 19. Rxe7 Qf8 20. Ree1
c4 21. Ne7+ Kh8 22. Nxc8 Rxc8 23. d6 Nd7 24. Re7 Rd8 25. Rae1 Bb7 26. Qe2
Bc6 27. Re8 Nf6 28. Rxf8+ Bxf8 29. Be5 Kg8 30. Bxf6 Rxd6 31. Be7 Bxe7 32.
Qxe7 Re6 33. Rxe6 fxe6 34. Qxe6+ Kg7 35. Qxc6 {Black resigns} 1-0

[Event "ICC Open 2015"]
[Site "Internet Chess Club"]
[Date "2015.05.30"]
[Round "7"]
[White "JRussell2"]
[Black "olimpioMD"]
[Result "0-1"]
[ICCResult "White resigns"]
[WhiteElo "1264"]
[BlackElo "1441"]
[Opening "Scandinavian: Marshall variation"]
[ECO "B01"]
[NIC "SD.03"]
[Time "15:24:10"]
[TimeControl "180+0"]

1. e4 d5 2. exd5 Nf6 3. d4 Nxd5 4. h3 e6 5. Nf3 Qf6 6. Nc3 Bb4 7. Be3 Nxe3
8. fxe3 Nd7 9. Qd2 Nb6 10. O-O-O Nd5 11. e4 Nxc3 12. bxc3 Ba3+ 13. Kb1 O-O
14. c4 c5 15. Qc3 Bb4 16. Qb2 Ba5 17. e5 Qf4 18. dxc5 b6 19. c6 Ba6 20. Rd4
Qe3 21. Bd3 Rac8 22. Re1 Qf2 23. Rf1 Qxg2 24. Be4 Qxf1+ 25. Qc1 Qf2
{White resigns}
0-1

[Event "ICC Open 2015"]
[Site "Internet Chess Club"]
[Date "2015.05.30"]
[Round "7"]
[White "Sc6"]
[Black "harolika"]
[Result "1-0"]
[ICCResult "Black resigns"]
[WhiteElo "1717"]
[BlackElo "1361"]
[Opening "Sicilian: Anderssen variation"]
[ECO "B41"]
[NIC "SI.41"]
[Time "15:22:45"]
[TimeControl "180+0"]

1. e4 c5 2. Nf3 e6 3. d4 cxd4 4. Nxd4 Nf6 5. Nc3 Nc6 6. Be2 Bb4 7. Bg5 Qa5
8. Nxc6 Bxc3+ 9. bxc3 Qxg5 10. Nd4 Nxe4 11. Qd3 Qxg2 12. Qf3 Qxf3 13. Bxf3
Nxc3 14. Kd2 Na4 15. Nb5 O-O 16. Rab1 d5 17. Nc7 Rb8 18. Na6 Ra8 19. Nc7 Rb8
20. Na6 Bd7 21. Nxb8 Rxb8 22. Rb4 Nc5 23. Rhb1 b6 24. c4 d4 25. Rg1 g6 26.
Rg5 Kg7 27. Rxc5 Rd8 28. Rc7 e5 29. Rxa7 Kh6 30. Rxb6 Bf5 31. Bd5 Kg5 32.
Rxf7 h5 33. a4 e4 34. a5 Re8 35. a6 e3+ 36. fxe3 dxe3+ 37. Ke1 {Black
resigns} 1-0

[Event "ICC Open 2015"]
[Site "Internet Chess Club"]
[Date "2015.05.30"]
[Round "7"]
[White "Knight83"]
[Black "psilocybin"]
[Result "0-1"]
[ICCResult "White resigns"]
[WhiteElo "1241"]
[BlackElo "1419"]
[Opening "Vienna: Paulsen-Mieses variation"]
[ECO "C26"]
[NIC "VG.01"]
[Time "15:23:15"]
[TimeControl "180+0"]

1. e4 e5 2. Nc3 Nf6 3. g3 d5 4. exd5 c6 5. dxc6 Nxc6 6. Bg2 Bc5 7. d3 O-O 8.
h3 Re8 9. Nge2 Bf5 10. O-O Qd7 11. Kh2 Rad8 12. f4 e4 13. dxe4 Qxd1 14. Rxd1
Rxd1 15. Nxd1 Bxe4 16. Ndc3 Bxc2 17. a3 Bd3 18. Bf3 Nd4 19. Nxd4 Bxd4 20.
Bd2 b6 21. Re1 Rxe1 22. Bxe1 Kf8 23. Nd5 Nxd5 24. Bxd5 Bxb2 25. Bb4+ Ke8 26.
Kg2 Bd4 27. Kf3 Bc5 28. Bxc5 bxc5 29. Ke3 Bf1 30. Kd2 Bxh3 31. Kc3 Ke7 32.
Kc4 Kd6 33. Bxf7 Bf1+ 34. Kc3 a5 35. Bg8 h6 36. Bb3 Bb5 37. a4 Bc6 38. Bf7
Bd5 39. Bxd5 Kxd5 40. Kd3 c4+ 41. Kc3 g6 42. g4 h5 43. gxh5 gxh5 44. Kd2 h4
45. Ke2 Ke4 46. f5 Kxf5 47. Kf3 c3 48. Ke3 c2 49. Kd2 h3 50. Kxc2 h2 51. Kc3
h1=Q 52. Kb3 Qc6 53. Kb2 Qc4 54. Ka3 Qc3+ 55. Ka2 Qb4 56. Ka1 Ke4
{White resigns}
0-1

[Event "ICC Open 2015"]
[Site "Internet Chess Club"]
[Date "2015.05.30"]
[Round "7"]
[White "lagarto300"]
[Black "holderlin"]
[Result "1-0"]
[ICCResult "Black checkmated"]
[WhiteElo "1987"]
[BlackElo "1675"]
[Opening "Old Indian defense"]
[ECO "A53"]
[NIC "KI.79"]
[Time "15:22:55"]
[TimeControl "180+0"]

1. d4 Nf6 2. c4 d6 3. Nf3 g6 4. g3 Bg7 5. Bg2 O-O 6. O-O Nc6 7. d5 Na5 8.
Qa4 c5 9. Bd2 b6 10. Bc3 Bd7 11. Qc2 Bf5 12. Qc1 Be4 13. Nbd2 Bf5 14. h3 h5
15. b3 e5 16. dxe6 fxe6 17. Nh4 d5 18. Nxf5 gxf5 19. cxd5 exd5 20. e3 Nc6
21. Qd1 Rc8 22. Bxf6 Bxf6 23. Qxh5 Bxa1 24. Rxa1 Qf6 25. Bxd5+ Kg7 26. Rd1
Ne5 27. Nc4 Ng6 28. Qf3 Rcd8 29. h4 b5 30. Na5 Ne5 31. Qg2 Ng4 32. Nc6 Rd6
33. Bf3 Qe5 34. Nxe5 Nxe5 35. Rxd6 Nxf3+ 36. Qxf3 Rf6 37. Qb7+ Rf7 38. Rd7
Rxd7 39. Qxd7+ Kf6 40. Qxb5 f4 41. exf4 Kf5 42. Qxc5+ Kg4 43. Qg5+ Kf3 44.
f5 a5 45. Qf4+ Ke2 46. f6 Kd1 47. f7 a4 48. f8=Q a3 49. Q8d6+ Kc2 50. Qe4+
Kb2 51. Qe2+ Ka1 52. Qdd1# {Black checkmated} 1-0

[Event "ICC Open 2015"]
[Site "Internet Chess Club"]
[Date "2015.05.30"]
[Round "7"]
[White "Jack-Daniels"]
[Black "DANGEROUS-BEAST"]
[Result "1-0"]
[ICCResult "Black resigns"]
[WhiteElo "2882"]
[BlackElo "2370"]
[Opening "QGD Slav: 4.e3 Bf5"]
[ECO "D12"]
[NIC "QP.06"]
[Time "15:24:21"]
[TimeControl "180+0"]

1. d4 Nf6 2. Nf3 d5 3. c4 c6 4. e3 Bf5 5. Nc3 a6 6. Qb3 Ra7 7. Bd2 e6 8. Nh4
Be4 9. Be2 Nbd7 10. O-O Be7 11. Rac1 g5 12. Nf3 g4 13. Ne5 dxc4 14. Bxc4 Bd5
15. Nxd5 exd5 16. Bd3 Bd6 17. e4 O-O 18. Nxd7 Nxd7 19. exd5 cxd5 20. Qxd5
Qf6 21. Qh5 {Black resigns} 1-0